 Dungeon Crawl Stone Soup version 0.28-a0-850-g09de17f5b5 (webtiles) character file.

Game seed: 7833302198266940066

30 tatocazan the Skirmisher (level 3, 29/29 HPs)
             Began as a Demonspawn Fighter on Nov 13, 2021.
             Quit the game on level 2 of the Dungeon.
             The game lasted 00:01:00 (1204 turns).

tatocazan the Skirmisher (Demonspawn Fighter)       Turns: 1204, Time: 00:01:00

Health: 29/29      AC:  6    Str: 17    XL:     3   Next: 5%
Magic:  3/3        EV:  9    Int:  9    God:
Gold:   200        SH:  4    Dex: 12    Spells: 2/2 levels left

rFire   . . .      SeeInvis .   a - +0 war axe
rCold   . . .      Faith    .   c - +0 buckler
rNeg    . . .      Spirit   .   b - +0 scale mail
rPois   .          Reflect  .   (helmet restricted)
rElec   .          Harm     .   (no cloak)
rCorr   .          Rampage  .   (no gloves)
Will    .....                   (no boots)
Stlth   ..........              (no amulet)
HPRegen 0.09/turn               (no ring)
MPRegen 0.08/turn               (no ring)

@: no status effects
A: horns 1, weakness stinger 1
a: no special abilities


You were on level 2 of the Dungeon.
You visited 1 branch of the dungeon, and saw 2 of its levels.

You collected 200 gold pieces.

Inventory:

Hand Weapons
 a - a +0 war axe (weapon)
Armour
 b - a +0 scale mail (worn)
 c - a +0 buckler (worn)
Jewellery
 e - a ring of resist corrosion
Scrolls
 g - a scroll of blinking
 i - a scroll of identify {unknown}
 j - a scroll of torment {unknown}
Potions
 d - a potion of might
 f - a potion of heal wounds {unknown}
 h - a potion of curing {unknown}


   Skills:
 + Level 3.2 Fighting
 * Level 2.4 Axes
 + Level 2.9 Armour
 + Level 2.9 Shields


You had 2 spell levels left.
You didn't know any spells.
Your spell library contained the following spells:

 Spells                   Type           Power      Damage    Failure   Level
 Magic Dart               Conj           0%         1d3       83%         1
 Call Imp                 Summ           0%         N/A       93%         2
 Mephitic Cloud           Conj/Pois/Air  0%         N/A       99%         3


Dungeon Overview and Level Annotations

Branches:
Dungeon (2/15)

Altars:
Cheibriados


Innate Abilities, Weirdness & Mutations

You have a pair of small horns on your head.
You have a small tail.


Message History

You hit the jackal. You block the jackal's attack.
The jackal bites you but does no damage.
You hit the jackal but do no damage.
The jackal is lightly wounded.
The jackal bites you but does no damage.
The jackal bites you.
You take 3 damage, and have 18/24 hp.
You closely miss the jackal.
The jackal is lightly wounded.
The jackal bites you but does no damage.
The jackal bites you. You block the jackal's attack.
You take 3 damage, and have 15/24 hp.
You slash the jackal!
You kill the jackal!
You miss the jackal.
The jackal bites you but does no damage. x2
You have reached level 3!
Your experience leads to an increase in your attributes!
Increase (S)trength, (I)ntelligence, or (D)exterity?
You feel stronger.
Your demonic ancestry asserts itself...
A pair of horns grows on your head!
You regained 3 hp, and now have 18/29 hp.
MP restored: 3 You hit the jackal but do no damage.
You block the jackal's attack. The jackal completely misses you.
You barely miss the jackal. You block the jackal's attack.
The jackal barely misses you.
You slash the jackal!
You kill the jackal!
No target in view!
No target in view!
No target in view!
You start resting.
HP restored.
Health restored: 29 You start waiting.
A dart slug comes into view.
A dart slug is nearby!
A dart slug is nearby!
Are you sure you want to abandon this character and quit the game? (Confirm with "yes".)

#...# ##.#.##
..)#..# ..†)..##
.###...#### #. .#
##.....#######
###... .#
#.###.......##......
## #.#
#######......... #
#.< ........@†..###
# #..
#######.†.....# #..#
##...##.# ...# ...##
# >. .... ......
#.._..# .w.....


You could see a dart slug (wandering).

Vanquished Creatures
  An adder (D:2)
  3 goblins
  A hobgoblin (D:1)
  4 jackals (D:2)
  A quokka (D:1)
  A ball python (D:1)
  4 bats
  3 frilled lizards (D:1)
  2 rats
20 creatures vanquished.

Vanquished Creatures (others)
  3 fungi (D:1)
  4 toadstools (D:1)
7 creatures vanquished.

Grand Total: 27 creatures vanquished

Notes
Turn   | Place    | Note
-------+----------+-------------------------------------------
     0 | D:1      | tatocazan the Demonspawn Fighter began the quest for the
                  | Orb.
     0 | D:1      | Reached XP level 1. HP: 18/18 MP: 1/1
   513 | D:1      | Discovered your monstrous ancestry.
   513 | D:1      | Gained mutation: You have a small tail. [demonic ancestry]
   513 | D:1      | Reached XP level 2. HP: 21/24 MP: 2/2
  1074 | D:2      | Found a snail-covered altar of Cheibriados.
  1085 | D:2      | Gained mutation: You have a pair of small horns on your
                  | head. [demonic ancestry]
  1085 | D:2      | Reached XP level 3. HP: 18/29 MP: 3/3
  1204 | D:2      | Quit the game

Illustrated notes

Levels and vault maps discovered:
D:1:      elethiomel_arrival_maze, layout_basic, grunt_decor_one_mirror,
          minmay_gold_behind_fungi
D:2:      layout_rooms, basic_altar, patterned_corridor

Skill      XL: |  1 |
---------------+----+-----
Axes           | 2 |  2.4
Fighting       | |  3.2
Armour         | |  2.9
Shields        | |  2.9

Action                   || total
-------------------------++-------
Melee: War axe           ||    53
       Tailslap          ||     1
  Use: Scroll            ||     1
Armor: Scale mail        ||    30
Dodge: Dodged            ||    33
Block: Buckler           ||    16

Table legend: (Time is in decaauts)
 A = Elapsed time spent in this place.
 B = Non-inter-level travel time spent in this place.
 C = Inter-level travel time spent in this place.
 D = Time resting spent in this place.
 E = Time spent auto-exploring this place.
 F = Levels seen in this place.
 G = Mean time per level.
                   A        B        C        D        E       F      G
               +--------+--------+--------+--------+--------+-----+--------+
         Total |   1226 |   1212 |     14 |    116 |    954 |   2 |  613.0 |
       Dungeon |   1226 |   1212 |     14 |    116 |    954 |   2 |  613.0 |
               +--------+--------+--------+--------+--------+-----+--------+

Top non-repeatable levels by time:
     D:1: 951 daAuts
     D:2: 275 daAuts
